Map: Triton LE

Players

Scarlett

  • Race: Zerg Zerg
  • Spawn Location: 11:00

AGOElazer (Elazer) - Winner!

  • Race: Zerg Zerg
  • League: Master
  • Spawn Location: 5:00

VOD

Have the link to the VOD?

Description

Time

  • Played on: Jan. 14, 2020, 12:49 p.m.
  • Length: 5:24
Show
View Real Time Build Order
Export as new Build Order

Scarlett Zerg 

Build Orders: Hatch First, Zergling Baneling 

Get SALT Encoding   

  12  0:01  Drone  
  13  0:12  Overlord  
  13  0:18  Drone  
  14  0:31  Drone x2  
  16  0:47  Hatchery  
  15  0:51  Drone  
  15  0:54  Drone  
  17  0:57  Drone  
  18  1:10  Extractor  
  17  1:13  Spawning Pool  
  17  1:15  Drone  
  17  1:19  Drone  
  18  1:28  Drone  
  19  1:39  Drone  
  20  1:49  Drone  
  21  1:59  Queen x2  
  21  2:00  Zergling x2  
  21  2:01  Overlord  
  26  2:10  Drone  
  26  2:11  Metabolic Boost  
  26  2:12  Drone  
  28  2:20  Drone  
  30  2:22  Drone  
  30  2:32  Hatchery  
  30  2:35  Drone  
  30  2:37  Drone  
  30  2:43  Overlord  
  31  2:45  Drone  
  31  2:50  Baneling Nest  
  31  2:53  Drone  
  31  2:54  Drone  
  33  3:04  Zergling x2  
  33  3:05  Zergling x2  
  35  3:08  Drone x4  
  35  3:11  Drone  
  40  3:14  Overlord  
  41  3:20  Drone x2, Evolution Chamber  
  41  3:30  Zergling x4  
  43  3:34  Baneling x2  
  43  3:35  Baneling  
  43  3:38  Baneling  
  43  3:39  Zergling x2  
  43  3:40  Zergling x2  
  46  3:41  Zergling x10  
  46  3:45  Queen  
  52  3:48  Zergling x2  
  52  3:51  Overlord  
  53  4:01  Drone x2, Overlord  
  53  4:16  Drone x3  
  56  4:17  Roach Warren  
  56  4:18  Baneling  
  56  4:22  Extractor, Overlord  
  56  4:23  Extractor  
  53  4:26  Drone x2  
  55  4:37  Drone, Overlord  
  55  4:38  Drone  
  54  4:49  Baneling  
  54  4:52  Zergling x4  
  53  4:53  Zergling x14  
  53  4:56  Baneling x2  
  53  4:58  Zergling x10  
Show
View Real Time Build Order
Export as new Build Order

AGOElazer Zerg - Winner!

Build Orders: Hatch First, Zergling Baneling 

Get SALT Encoding   

  12  0:00  Drone  
  13  0:12  Overlord  
  13  0:16  Drone  
  14  0:30  Drone x2  
  16  0:47  Hatchery  
  15  0:50  Drone  
  15  0:53  Drone  
  18  0:57  Drone  
  18  1:07  Extractor  
  17  1:12  Spawning Pool  
  17  1:15  Drone  
  18  1:18  Drone  
  18  1:27  Drone  
  19  1:38  Drone  
  20  1:49  Drone  
  21  1:58  Queen  
  21  1:59  Queen, Overlord, Drone  
  26  2:07  Metabolic Boost  
  26  2:09  Drone  
  26  2:11  Zergling x2  
  28  2:21  Drone x2  
  30  2:31  Drone  
  30  2:34  Hatchery  
  30  2:37  Drone  
  31  2:42  Drone x2  
  33  2:47  Baneling Nest  
  32  2:53  Evolution Chamber  
  32  2:54  Overlord  
  32  2:56  Drone  
  32  3:04  Drone x2  
  34  3:06  Zergling x2  
  34  3:07  Zergling x2  
  36  3:13  Overlord  
  36  3:14  Zergling x4  
  36  3:17  Zergling x2  
  36  3:19  Zergling x2  
  40  3:22  Zerg Melee Weapons Level 1  
  40  3:30  Overlord  
  40  3:31  Zergling x2  
  41  3:35  Baneling  
  41  3:40  Zergling x10  
  46  3:41  Baneling  
  46  3:46  Zergling x6  
  49  3:55  Overlord  
  49  4:00  Overlord  
  49  4:02  Zergling x2  
  49  4:03  Zergling x6  
  51  4:10  Zergling x8  
  51  4:12  Zergling x2  
  51  4:16  Baneling x3  
  55  4:21  Baneling  
  55  4:25  Zergling x10  
  55  4:30  Baneling  
  60  4:37  Baneling  
  59  4:43  Zergling x2  
  59  4:44  Zergling x14  
  63  4:53  Zergling x10  
  63  4:57  Zergling x2  
  66  5:01  Baneling x2  
  66  5:03  Zergling x4  
  64  5:10  Baneling  
Tags
 
Add a new tag
Caveats
  • Supply blocks, unpowered buildings, or Contaminate may cause inaccurate times.
  • Supply counts are checked every 10 seconds.